 Dungeon Crawl Stone Soup version 0.29.1-1-gd02db6906a (console) character file.

Game seed: 2281103916699510875

86 om the Insei (level 4, -1/29 HPs)
             Began as an Octopode Transmuter on Oct 18, 2022.
             Killed from afar by an orc wizard (7 damage)
             ... with a puff of flame
             ... on level 3 of the Dungeon.
             The game lasted 00:06:27 (2755 turns).

om the Insei (Octopode Transmuter)                  Turns: 2755, Time: 00:06:28

Health: -1/29      AC:  1    Str: 11    XL:     4   Next: 49%
Magic:  7/7        EV: 14    Int: 15    God:
Gold:   154        SH:  0    Dex: 18    Spells: 7/8 levels left

rFire   . . .      SeeInvis .     - Unarmed
rCold   . . .      Faith    .   (no shield)
rNeg    . . .      Spirit   .   (helmet restricted)
rPois   .          Reflect  .   (no amulet)
rElec   .          Harm     .   f - +6 ring of dexterity
rCorr   .          Rampage  .   (no ring)
Will    .....                   (no ring)
Stlth   +++.......              (no ring)
HPRegen 0.09/turn               (no ring)
MPRegen 0.10/turn               (no ring)
                                (no ring)
                                (no ring)

@: about to teleport
A: almost no armour, amphibious, 8 rings, camouflage 1, gelatinous body 1,
(nimble swimmer 1), tentacles
a: no special abilities


You were on level 3 of the Dungeon.
You visited 1 branch of the dungeon, and saw 3 of its levels.

You collected 154 gold pieces.

Inventory:

Hand Weapons
 d - a +0 war axe
Jewellery
 f - a +6 ring of dexterity (left tentacle)
Scrolls
 g - a scroll of brand weapon
 h - a scroll of immolation {unknown}
 i - a scroll of amnesia {unknown}
 j - a scroll of acquirement {unknown}
 l - a scroll of enchant weapon {unknown}
Potions
 a - a potion of haste {unknown}
 b - a potion of mutation
 k - a potion of resistance


   Skills:
 + Level 1.8 Fighting
 * Level 3.1 Dodging
 * Level 3.3 Unarmed Combat
 + Level 2.5 Spellcasting
 + Level 2.4 Transmutations


You had 7 spell levels left.
You knew the following spells:

 Your Spells              Type           Power      Damage    Failure   Level
a - Beastly Appendage     Tmut           18%        N/A       8%          1

Your spell library contained the following spells:

 Spells                   Type           Power      Damage    Failure   Level
 Wereblood                Tmut           9%         N/A       12%         2
 Spider Form              Tmut/Pois      5%         N/A       36%         3
 Ice Form                 Ice/Tmut       5%         N/A       77%         4


Dungeon Overview and Level Annotations

Branches:
Dungeon (3/15)

Altars:

Shops:
D:2 *


Innate Abilities, Weirdness & Mutations

You cannot wear most types of armour.
You are amphibious.
You can wear up to eight rings at the same time.
Your skin changes colour to match your surroundings (Stealth+).
Your rubbery body absorbs attacks. (AC +1, EV +1)
((You are camouflaged when in or above water. (Stealth+)))
You have tentacles for arms and can constrict up to eight enemies at once.


Message History

The orc wizard shouts!
You tentacle-slap the orc wizard but do no damage.
You are too confused!
You closely miss the orc wizard. Your squeeze misses the orc wizard.
The orc wizard casts a spell at you. The magic dart hits you!
The orc wizard barely misses you.
The orc wizard gestures at you while chanting.
The puff of flame misses you.
Unknown command.
You bump into the rock wall.
The orc wizard hits you with a +2 dagger of venom.
You are poisoned.
The orc wizard barely misses you. The orc wizard casts a spell at you.
You are more confused.
You are too confused!
Unknown command.
You are too confused!
You feel better.
The orc wizard gestures at you while chanting.
The magic dart hits you!
The orc wizard hits you with a +0 dagger.
The orc wizard attacks as you move away!
The orc wizard completely misses you.
The orc wizard attacks as you move away!
The orc wizard barely misses you.
The orc wizard attacks as you move away!
The orc wizard hits you with a +0 dagger.
The orc wizard casts a spell at you. The magic dart hits you!
* * * LOW HITPOINT WARNING * * *
Okay, then.
As you read the scroll labelled USEGIX ZOBB, it crumbles to dust.
You feel strangely unstable.
It was a scroll of teleportation.
The orc wizard casts a spell.
The orc wizard flickers and vanishes!
Deactivating autopickup; reactivate with Ctrl-A.
The orc wizard casts a spell at you. The puff of flame hits you!
You die...

.... ........ +.......
....####...#...# #....... .
...<.......#...# #....... #.
#.#........#...# ###.#.#. ...
...........#...###...#.#. ....
...........#.........#.#. .....
.........#.#...###...#.#.
......#########o##.#.............
............#.†o@....#########.#.
###........)†{o.#..#.............
#...#####...#o#############.##.
#........................#.<...
#...###...o....#####...........
#.. #.........$.............. #.
#.............#8###8###.# #.
.......|........# ## ###
......####.......


You could see 3 orc wizards and an orc.

Vanquished Creatures
  An adder (D:3)
  2 worms (D:2)
  4 dart slugs
  2 bats (D:1)
  10 endoplasms
  2 giant cockroaches
  10 goblins
  5 hobgoblins
  6 kobolds
  5 quokkas
  2 ball pythons
  A frilled lizard (D:1)
  4 rats
54 creatures vanquished.

Notes
Turn   | Place    | Note
-------+----------+-------------------------------------------
     0 | D:1      | om the Octopode Transmuter began the quest for the Orb.
     0 | D:1      | Reached XP level 1. HP: 13/13 MP: 3/3
   411 | D:1      | Reached XP level 2. HP: 15/18 MP: 1/5
   971 | D:1      | Reached XP level 3. HP: 20/23 MP: 6/6
  1160 | D:2      | Found a faded altar of an unknown god.
  1221 | D:2      | Found Mocaff's Assorted Antiques.
  1829 | D:2      | Reached XP level 4. HP: 12/29 MP: 7/7
  2755 | D:3      | Killed from afar by an orc wizard

Illustrated notes

Levels and vault maps discovered:
D:1:      dpeg_arrival_shelter, layout_basic
D:2:      layout_basic, nicolae_ecumenical_pavilion, serial_shops, shop_statue,
          minmay_misc_feat_five
D:3:      layout_basic, cheibrodos_worm_habitat, nicolae_ashenzari_skybound,
          serial_corexii_hall, corexii_hall_statues_t,
          chequers_hall_statues_wall_a, st_stairs_14,
          kennysheep_generic_room_15, uniq_crazy_yiuf_cottage, uniq_jessica

Skill      XL: |  1  2  3  4 |
---------------+-------------+-----
Dodging        | 3 |  3.1
Fighting       | |  1.8
Unarmed Combat | |  3.3
Spellcasting   | |  2.5
Transmutations | |  2.4

Action                   |  1- 3 |  4- 6 || total
-------------------------+-------+-------++-------
Melee: Unarmed           |    85 |    27 ||   112
       Constrict         |    20 |     8 ||    28
       Tentacles         |    18 |     6 ||    24
       Kick              |     5 |     3 ||     8
       Punch             |     1 |       ||     1
 Cast: Beastly Appendage |     4 |     2 ||     6
  Use: Scroll            |     3 |     2 ||     5
       Potion            |     2 |     2 ||     4
 Stab: Sleeping          |     8 |     3 ||    11
Armor: Skin              |    12 |       ||    12
Dodge: Dodged            |    42 |    20 ||    62
